 Dungeon Crawl Stone Soup version 0.32-a0-871-ge202e49faa (webtiles) character file.

Game seed: 2142210728155583445

3076 DEFE the Cleaver (level 9, -3/63 HPs)
             Began as a Coglin Fighter on Mar 29, 2024.
             Was a Follower of Okawaru.
             Slain by Amaemon
             ... wielding a -2 demon whip of venom
              (10 damage)
             ... on level 8 of the Dungeon.
             The game lasted 00:05:18 (6591 turns).

DEFE the Cleaver (Coglin Fighter)                   Turns: 6591, Time: 00:05:19

Health: -3/63      AC: 14    Str: 20    XL:     9   Next: 88%
Magic:  9/9        EV:  7    Int:  7    God:    Okawaru [*.....]
Gold:   285        SH:  0    Dex: 15    Spells: 8/8 levels left

rFire   . . .        a - +0 war axe {Malki}
rCold   . . .        o - +0 war axe {Si-Tayit}
rNeg    . . .        g - +0 chain mail
rPois   .            s - +0 helmet
rElec   .            C - +0 cloak
rCorr   .            p - +2 pair of gloves
SInv    .            (no boots)
Will    .....        (amulet unavailable) Stlth
                     (ring unavailable)
HPRegen 0.30/turn    (ring unavailable)
MPRegen 0.11/turn    (no gizmo)

%: no passive effects
@: mighty, weakened, revved
A: off-hand wielding, slow wielding, warmup strikes, no jewellery
a: Invent Gizmo, Renounce Religion, Heroism


You were on level 8 of the Dungeon.
You worshipped Okawaru.
Okawaru was aware of your devotion.
You visited 2 branches of the dungeon, and saw 9 of its levels.

You collected 455 gold pieces.
You spent 170 gold pieces at shops.

Inventory:

Hand Weapons
 a - a +0 war axe (weapon) {Malki}
 o - a +0 war axe (offhand) {Si-Tayit}
 D - a +1 hand axe of freezing
Missiles
 B - 2 curare-tipped darts (quivered)
Armour
 b - a +0 scale mail
 c - a +0 buckler
 g - a +0 chain mail (worn)
 p - a +2 pair of gloves (worn)
 s - a +0 helmet (worn)
 C - a +0 cloak (worn)
Wands
 y - a wand of roots (13)
 E - a wand of digging (9)
Scrolls
 e - 5 scrolls of teleportation
 f - a scroll of blinking
 h - a scroll of revelation
 k - a scroll of noise
 m - a scroll of enchant weapon
 n - a scroll of immolation
 q - 2 scrolls of fog
 v - a scroll of enchant armour
Potions
 j - 3 potions of ambrosia
 l - a potion of lignification {unknown}
 t - a potion of invisibility
 u - 3 potions of enlightenment
 w - a potion of berserk rage {unknown}
 x - 4 potions of haste
 z - a potion of cancellation {unknown}
 A - a potion of attraction {unknown}


   Skills:
 - Level 3.0 Fighting
 + Level 13.4 Axes
 - Level 2.6 Armour
 - Level 2.1 Shields


You had 8 spell levels left.
You didn't know any spells.
Your spell library contained the following spells:

 Spells                   Type           Power      Damage    Failure   Level
 Volatile Blastmotes      Fire/Tloc      0%         2d10      100%        3
 Fulminant Prism          Conj/Alch      0%         3d5       100%        4
 Iskenderun's Mystic Bla Conj/Tloc 0%             2d3        (+2d1     100%        4
 Passage of Golubria      Tloc           0%         N/A       100%        4
 Yara's Violent Unravell  Hex/Alch       0%         3d3       100%        5
 Tukima's Dance           Hex            Unusable   N/A       N/A         3

Dungeon Overview and Level Annotations

Branches:
Dungeon (8/15)             Temple (1/1) D:6
   Lair: D:8-11

Altars:
Ashenzari
Cheibriados
Dithmenos
Elyvilon
Fedhas
Gozag
Hepliaklqana
Kikubaaqudgha
Makhleb
Nemelex Xobeh
Okawaru
Qazlal
Ru
Sif Muna
Trog
Uskayaw
Vehumet
Wu Jian
Yredelemnul
Zin
The Shining One

Shops:
D:2 *   D:3 !   D:8 (

Annotations:
D:8 Amaemon


Innate Abilities, Weirdness & Mutations

You can wield a second weapon in your off-hand.
It takes a long time for you to wield or remove held weapons.
Your first few attacks do less damage.
You cannot equip rings or amulets.


Message History

* * * LOW HITPOINT WARNING * * *
Amaemon tail-slaps you.
* * * LOW HITPOINT WARNING * * *
Unknown command.
Unknown command.
You feel better.
Amaemon hits you with a -2 demon whip of venom.
* * * LOW HITPOINT WARNING * * *
You are poisoned.
Amaemon barely misses you. Amaemon completely misses you.
Unknown command.
You hit Amaemon with your +0 war axe.
Amaemon is severely wounded.
You hit Amaemon with your +0 war axe.
* * * LOW HITPOINT WARNING * * *
You feel sick.
Amaemon casts a spell.
Unknown command.
Unknown command.
You hit Amaemon with your +0 war axe.
Amaemon is severely wounded.
You hit the scorpion with your +0 war axe.
You slash the scorpion with your +0 war axe!
You closely miss Amaemon with your +0 war axe.
You hit the scorpion but do no damage.
You closely miss the scorpion with your +0 war axe.
* * * LOW HITPOINT WARNING * * *
You feel sick.
The scorpion stings you but does no damage.
Amaemon hits you with a -2 demon whip of venom.
* * * LOW HITPOINT WARNING * * *
You are more poisoned.
Amaemon closely misses you.
Amaemon tail-slaps you but does no damage.
You feel better.
The scorpion stings you but does no damage. x2
The scorpion stings you.
* * * LOW HITPOINT WARNING * * *
Amaemon hits you with a -2 demon whip of venom!
You die...

####### ###
#######s....####.#
#.(ss6@s#.#.#.#.#######
##.#####.........##....
##.#.#.#.###.###
#........>.#)#
##.#.#.#.#...#
#.........##.#
####.#.#.#.###.#
#............##.#
#.###.#.#.#.###.# #


You could see Amaemon and 4 scorpions.

Vanquished Creatures
  An ugly thing (D:7)
  An orange demon (D:8)
  Grinder (D:3)
  4 water moccasins
  Duvessa (D:5)
  2 sky beasts
  A black bear (D:5)
  An ice beast (D:5)
  Blork the orc (D:5)
  2 kobold brigands
  3 bullfrogs
  4 scorpions
  Dowan (D:5)
  A bombardier beetle (D:5)
  2 jellies
  3 orc priests
  2 hounds
  3 iguanas
  2 sleepcaps
  3 orc wizards
  6 adders
  A shadow imp (D:5)
  3 white imps
  2 dart slugs (D:1)
  A ribbon worm (D:3)
  18 orcs
  5 bats
  3 endoplasms
  5 giant cockroaches
  3 goblins
  10 hobgoblins
  2 quokkas
  4 ball pythons
  3 frilled lizards
  14 kobolds
  6 rats
125 creatures vanquished.

Notes
Turn   | Place    | Note
-------+----------+-------------------------------------------
     0 | D:1      | DEFE the Coglin Fighter began the quest for the Orb.
     0 | D:1      | Reached XP level 1. HP: 18/18 MP: 1/1
   260 | D:1      | Reached XP level 2. HP: 16/24 MP: 2/2
   470 | D:1      | Reached skill level 3 in Axes
  1126 | D:2      | Reached XP level 3. HP: 29/29 MP: 3/3
  1222 | D:2      | Found Fawoj's Assorted Antiques.
  1232 | D:2      | Reached skill level 4 in Axes
  1306 | D:2      | Found a faded altar of an unknown god.
  1567 | D:3      | Reached XP level 4. HP: 35/35 MP: 4/4
  1701 | D:3      | Noticed Grinder
  1710 | D:3      | Killed Grinder
  1711 | D:3      | Reached skill level 6 in Axes
  1711 | D:3      | Reached XP level 5. HP: 32/41 MP: 5/5
  1711 | D:3      | Reached XP level 6. HP: 36/47 MP: 6/6
  1787 | D:3      | Found Kihoxof's Distillery.
  1812 | D:3      | Bought a potion of curing for 30 gold pieces
  1812 | D:3      | Bought a potion of degeneration for 10 gold pieces
  1812 | D:3      | Bought a potion of invisibility for 80 gold pieces
  1812 | D:3      | Bought a potion of enlightenment for 50 gold pieces
  2241 | D:4      | Found a blossoming altar of Fedhas.
  2567 | D:4      | Found a sacrificial altar of Ru.
  2592 | D:4      | Reached skill level 7 in Axes
  3083 | D:4      | Found a stormy altar of Qazlal.
  3083 | D:4      | Found a radiant altar of Vehumet.
  3085 | D:4      | Found a shimmering blue altar of Sif Muna.
  3123 | D:5      | Entered Level 5 of the Dungeon
  3149 | D:5      | Noticed a black bear
  3151 | D:5      | Noticed a water moccasin
  3155 | D:5      | Killed a black bear
  3156 | D:5      | Reached XP level 7. HP: 32/52 MP: 7/7
  3159 | D:5      | Reached skill level 8 in Axes
  3438 | D:5      | Noticed Blork the orc
  3441 | D:5      | Killed Blork the orc
  3495 | D:5      | You fall into a shaft and drop 3 floors!
  3523 | D:8      | Reached skill level 9 in Axes
  3523 | D:8      | Reached XP level 8. HP: 54/58 MP: 8/8
  3675 | D:7      | Found a glowing silver altar of Zin.
  3675 | D:7      | Found an opulent altar of Gozag.
  4018 | D:7      | Reached skill level 10 in Axes
  4364 | D:7      | Noticed a purple ugly thing
  4373 | D:7      | Killed a purple ugly thing
  4374 | D:7      | Reached skill level 11 in Axes
  4649 | D:6      | Reached XP level 9. HP: 63/63 MP: 9/9
  4803 | D:6      | Found a staircase to the Ecumenical Temple.
  4818 | Temple   | Entered the Ecumenical Temple
  4834 | Temple   | Became a worshipper of Warmaster Okawaru
  5006 | D:6      | Reached skill level 12 in Axes
  5214 | D:6      | Found an ornate altar of the Wu Jian Council.
  5577 | D:5      | Found a broken altar of Ashenzari.
  5706 | D:5      | Noticed Duvessa
  5706 | D:5      | Noticed Dowan
  5713 | D:5      | Killed Dowan
  5725 | D:5      | Killed Duvessa
  5866 | D:5      | Reached * piety under Okawaru
  6407 | D:8      | Found a burning altar of Makhleb.
  6418 | D:8      | Reached skill level 13 in Axes
  6437 | D:8      | Found Unour's Weapon Emporium.
  6568 | D:8      | Noticed an orange demon
  6568 | D:8      | Noticed Amaemon
  6576 | D:8      | Killed an orange demon
  6587 | D:8      | HP: 1/63 [Amaemon/-2 demon whip of venom (4)]
  6591 | D:8      | Slain by Amaemon

Illustrated notes

Levels and vault maps discovered:
D:1:      dpeg_arrival_simpleton_c, layout_basic, corexii_corridor_pit,
          minmay_crystal_room
D:2:      layout_rooms, basic_ecumenical_altar, serial_shops, shop_coins
D:3:      layout_loops_ring, serial_shops, nicolae_shop_industrial_runoff,
          chequers_serial_rivers_room_a, uniq_grinder
D:4:      layout_loops_ring, fedhas_altar_3, nicolae_ru_sacrificial_ziggurat,
          nicolae_overflow_hidden_temple
D:5:      layout_basic, ashenzari_conservatory_becter, uniq_blork_the_orc,
          uniq_duvessa
D:6:      layout_loops_ring, mainiacjoe_overflow_tiny_flanked,
          minmay_temple_entry_proselytizer, nicolae_elevator_lobby_asterisk
D:7:      layout_basic, grunt_temple_overflow_gold_and_silver
D:8:      layout_basic, nicolae_overflow_crystal_walls, serial_shops, shop,
          supply_closet_lemuel, st_stairs_9, uniq_amaemon
Temple:   jpeg_temple_clearing

Skill      XL: |  1  2  3  4  5  6  7  8  9 |
---------------+----------------------------+-----
Axes           | 3 4 6 7 9 11 13 | 13.4
Fighting       | |  3.0
Armour         | |  2.6
Shields        | |  2.1

Action                     |  1- 3 |  4- 6 |  7- 9 || total
---------------------------+-------+-------+-------++-------
  Melee: War axe           |   121 |   107 |   361 ||   589
    Use: Scroll            |     5 |     2 |     4 ||    11
         Potion            |       |       |     5 ||     5
 Armour: Scale mail        |    41 |       |       ||    41
         Chain mail        |    75 |    53 |   173 ||   301
  Dodge: Dodged            |    49 |    22 |    55 ||   126
  Block: Buckler           |    23 |       |       ||    23

Table legend: (Time is in decaauts)
 A = Elapsed time spent in this place.
 B = Non-inter-level travel time spent in this place.
 C = Inter-level travel time spent in this place.
 D = Time resting spent in this place.
 E = Time spent auto-exploring this place.
 F = Levels seen in this place.
 G = Mean time per level.
                   A        B        C        D        E       F      G
               +--------+--------+--------+--------+--------+-----+--------+
         Total |   6632 |   6414 |    218 |    888 |   4543 |   9 |  736.9 |
       Dungeon |   6601 |   6397 |    204 |    888 |   4543 |   8 |  825.1 |
        Temple |     31 |     17 |     14 |      0 |      0 |   1 |   31.0 |
               +--------+--------+--------+--------+--------+-----+--------+

Top non-repeatable levels by time:
     D:1: 1106 daAuts
     D:5: 1046 daAuts
     D:7: 1015 daAuts
     D:6: 943 daAuts
     D:4: 889 daAuts
     D:3: 684 daAuts
     D:2: 496 daAuts
     D:8: 418 daAuts
  Temple: 31 daAuts
